 Dungeon Crawl Stone Soup version 0.30-a0-937-ga0a21ad780 (webtiles) character file.

Game seed: 6666100655454089795

7011 jasper the Skirmisher (level 10, -3/49 HPs)
             Began as a Spriggan Hexslinger on Mar 24, 2023.
             Was a Priest of Okawaru.
             Slain by a sixfirhy (12 damage)
             ... in a Gauntlet.
             The game lasted 00:36:32 (12117 turns).

jasper the Skirmisher (Spriggan Hexslinger)        Turns: 12117, Time: 00:36:32

Health: -3/49      AC:  5    Str:  8    XL:     10   Next: 82%
Magic:  6/13       EV: 18    Int: 17    God:    Okawaru [***...]
Gold:   502        SH:  0    Dex: 16    Spells: 2/11 levels left

rFire   . . .      SeeInvis +    r - +6 arbalest "Damnation" {damnation}
rCold   . . .      Faith    .    (shield currently unavailable)
rNeg    . . .      Spirit   .    o - +1 robe {Will+}
rPois   .          Reflect  .    k - +2 hat
rElec   .          Rampage  .    (no cloak)
rCorr   .          NoTele   +    (gloves unavailable)
Will    ++...                    (boots unavailable)
Stlth   ++                       (no amulet)
HPRegen 0.28/turn                (no ring)
MPRegen 0.13/turn                (no ring)

@: very quick
A: very small, no large weapons, unfitting armour, see invisible, speed 3
a: Renounce Religion, Heroism


You were in a Gauntlet.
You worshipped Okawaru.
Okawaru was most pleased with you.
You visited 2 branches of the dungeon, and saw 12 of its levels.
You also visited: Gauntlet.

You collected 502 gold pieces.

Inventory:

Hand Weapons
 a - a +1 sling
 e - the +7 quarterstaff of Yredelemnul's Anger {heavy, rC+ Stlth+}
   (You found it on level 4 of the Dungeon)

   rC:        It protects you from cold.
   Stlth:     It makes you more stealthy.
 r - the +6 arbalest "Damnation" (weapon) {damnation}
   (You acquired it on level 8 of the Dungeon)
 s - a +0 shortbow of freezing
Armour
 c - a +1 robe
 k - a +2 hat (worn)
 o - a +1 robe of willpower (worn)
Jewellery
 p - a ring of protection from cold
 u - an amulet of magic regeneration
Wands
 b - a wand of roots (1)
 m - a wand of flame (8)
 w - a wand of polymorph (12)
Scrolls
 q - a scroll of immolation
 t - 2 scrolls of identify
 x - a scroll of teleportation
Potions
 d - 3 potions of brilliance
 f - 2 potions of attraction
 g - 2 potions of mutation
 h - a potion of flight
 i - a potion of ambrosia
 j - a potion of curing
 l - a potion of might
 n - a potion of heal wounds
 v - 2 potions of lignification


   Skills:
 + Level 3.7 Fighting
 * Level 14.1 Ranged Weapons
 - Level 3.6 Dodging
 - Level 2.5 Stealth
 - Level 1.3 Spellcasting
 - Level 7.1 Hexes
 - Level 2.0 Translocations
 - Level 2.4 Fire Magic
 - Level 3.3 Invocations


You had 2 spell levels left.
You knew the following spells:

 Your Spells              Type           Power      Damage    Failure   Level
a - Portal Projectile     Hex/Tloc       32%        N/A       10%         3
b - Inner Flame           Hex/Fire       17%        N/A       9%          3
c - Slow                  Hex            100%       N/A       1%          1
d - Blink                 Tloc           14%        N/A       14%         2

Your spell library contained the following spells:

 Spells                   Type           Power      Damage    Failure   Level
 Ensorcelled Hibernation  Hex/Ice        26%        N/A       8%          2
 Scorch                   Fire           18%        2d6       12%         2
 Lesser Beckoning         Tloc           14%        N/A       14%         2
 Necrotise                Necr           4%         1d4       21%         1
 Sandblast                Erth           2%         2d4       21%         1
 Momentum Strike          Conj/Tloc      8%         3d8       21%         2
 Passwall                 Tmut/Erth      0%         N/A       30%         2
 Cause Fear               Hex            12%        N/A       11%         4
 Stone Arrow              Conj/Erth      2%         3d7       52%         3
 Swiftness                Air            1%         N/A       52%         3
 Vampiric Draining        Necr           1%         2d6       52%         3
 Flame Wave               Conj/Fire      5%         2d5       77%         4
 Metabolic Englaciation   Hex/Ice        6%         N/A       80%         5
 Petrify                  Tmut/Erth      1%         N/A       90%         4
 Agony                    Necr           1%         N/A       99%         5
 Blade Hands              Tmut           0%         N/A       99%         5
 Iron Shot                Conj/Erth      0%         9d1       100%        6
 Statue Form              Tmut/Erth      0%         N/A       100%        6
 Animate Armour           Summ/Erth      Unusable   N/A       N/A         4
 Summon Cactus Giant      Summ           Unusable   N/A       N/A         6

Dungeon Overview and Level Annotations

Branches:
Dungeon (11/15)            Temple (1/1) D:7            Lair (0/5) D:10
Gauntlet (1/1)
    Orc: D:9-12

Altars:
Dithmenos
Fedhas
Gozag
Hepliaklqana
Okawaru
Qazlal
Ru
Sif Muna
Uskayaw
Vehumet
Wu Jian
Yredelemnul
Zin

Shops:
D:1 :   D:5 (   D:7 (

Portals:
Trove: D:10 (give 7 scrolls of blinking)

Annotations:
D:4 Grinder
D:7 3 runed translucent doors
D:10 1 runed translucent door Gauntlet 9 transporters


Innate Abilities, Weirdness & Mutations

You are very small and have problems with some larger weapons.
You are too small for most types of armour.
You have supernaturally acute eyesight. (SInv)
You cover ground extremely quickly. (Speed+++)


Message History

Press: ? - help, Q - select action, (/) - cycle Shift-Dir - straight line, f - sixfirhy
Aim: a sixfirhy (fire blocked by a translucent stone wall, 45% to hit)
There's something in the way.
Okay, then.
Fire: r) +6 arbalest "Damnation" {damnation}
Press: ? - help, Q - select action, (/) - cycle Shift-Dir - straight line, f - ufetubus, p - sixfirhy
Aim: an ufetubus (59% to hit)
You magically shoot a damnation bolt.
The damnation bolt misses the ufetubus.
The sixfirhy misses you. x2; The sixfirhy hits you!
The sixfirhy shocks you! The sixfirhy closely misses you.
You take 20 damage, and have 28/49 hp.
MASSIVE DAMAGE!!
You now have 8/13 mp.
Fire: r) +6 arbalest "Damnation" {damnation}
Press: ? - help, Q - select action, (/) - cycle Shift-Dir - straight line, f/p - ufetubus
Aim: an ufetubus (59% to hit)
You magically shoot a damnation bolt.
The damnation bolt hits the ufetubus!
You kill the ufetubus!
Okawaru accepts your kill.
The damnation bolt explodes!
The damnation engulfs the sixfirhy!!
The sixfirhy is heavily wounded.
Fire: r) +6 arbalest "Damnation" {damnation}
Press: ? - help, Q - select action, (/) - cycle Shift-Dir - straight line You magically shoot a damnation bolt.
You now have 7/13 mp.
Fire: r) +6 arbalest "Damnation" {damnation}
Press: ? - help, Q - select action, (/) - cycle Shift-Dir - straight line You magically shoot a damnation bolt.
You are no longer teleporting projectiles to their destination.
The sixfirhy hits you. The sixfirhy shocks you! The sixfirhy hits you.
The sixfirhy shocks you!
* * * LOW HITPOINT WARNING * * *
The sixfirhy hits you but does no damage.
The sixfirhy barely misses you.
The sixfirhy hits you but does no damage.
You take 26 damage, and have 3/49 hp.
MASSIVE DAMAGE!!
You now have 6/13 mp.
You feel much better. The sixfirhy hits you. The sixfirhy shocks you!
The sixfirhy hits you!
* * * LOW HITPOINT WARNING * * *
The sixfirhy shocks you!
You die...

#≈≈.#..##...#.#.#####Y#.≈≈#
##≈.#ER.##..#.#..Y.YYY#.≈##
##.#########.#########.##
##≈....#©.........©#....≈##
#≈≈..⌠.#.⌠.⌠.⌠.⌠.⌠.#.⌠..≈≈#
##≈....#©.........©#....≈##
##.###################.##
##≈.#h.}©.!.#.#/##©##.#.≈##
#≈≈.#h#...#.#.#[@#5.#.#.≈≈#
##≈.#hh.###.#.###3##.##.≈##
##.#h#h©.#.#.#.#.©#..#.##
##≈.#h###...#.##.##.###.≈##
#≈≈.#y#...#.#.##..#..##.≈≈#
##≈.#hh.###.#.#.##.##.#.≈##
##.#########.#########.##
##≈....#©.........©#....≈##
#≈≈..⌠.#.⌠.⌠.⌠.⌠.⌠.#.⌠..≈≈#


You could see a sixfirhy and an ufetubus.

Vanquished Creatures
  Pikel (D:6)
  An ugly thing (D:10)
  A rime drake (D:10)
  A troll (D:9)
  A shadow (D:10)
  A wraith (D:9)
  Eustachio (D:4)
  2 steam dragons
  4 vampire mosquitoes (D:10)
  Menkaure (D:6)
  A water moccasin (D:7)
  5 orc warriors
  4 ice beasts
  3 black bears
  3 wolves (D:10)
  A centaur (D:7)
  3 phantoms
  Blork the orc (D:6)
  8 bullfrogs
  A gnoll sergeant (D:8)
  12 killer bees
  4 electric eels (D:10)
  5 howler monkeys
  4 orc priests
  A jelly (D:6)
  3 gnoll boudas
  2 sleepcaps
  5 iguanas
  9 orc wizards
  A statue (D:10)
  23 gnolls
  6 adders
  A shadow imp (D:6)
  A white imp (D:6)
  2 ufetubi
  3 worms
  2 dart slugs
  31 orcs
  3 ball pythons
  6 endoplasms
  A giant cockroach (D:1)
  6 goblins
  5 hobgoblins
  6 kobolds
  2 quokkas
  3 bats
  4 frilled lizards (D:1)
  5 rats
200 creatures vanquished.

Vanquished Creatures (others)
  10 fungi
  3 plants (D:5)
  A withered plant (Gauntlet)
14 creatures vanquished.

Grand Total: 214 creatures vanquished

Notes
Turn   | Place    | Note
-------+----------+-------------------------------------------
     0 | D:1      | jasper the Spriggan Hexslinger began the quest for the Orb.
     0 | D:1      | Reached XP level 1. HP: 9/9 MP: 3/3
   184 | D:1      | Reached skill level 1 in Fighting
   232 | D:1      | Reached skill level 1 in Stealth
   268 | D:1      | Reached XP level 2. HP: 14/14 MP: 5/5
   713 | D:1      | Found Fofaen's Book Emporium.
  1280 | D:2      | Reached XP level 3. HP: 18/18 MP: 6/6
  1648 | D:2      | Reached skill level 3 in Ranged Weapons
  1648 | D:2      | Reached XP level 4. HP: 22/22 MP: 7/7
  2176 | D:3      | Learned a level 3 spell: Inner Flame
  2929 | D:4      | Reached XP level 5. HP: 23/25 MP: 8/8
  3153 | D:4      | Reached skill level 4 in Ranged Weapons
  3153 | D:4      | Reached skill level 1 in Fire Magic
  3260 | D:4      | Identified the +7 quarterstaff of Yredelemnul's Anger
                  | {heavy, rC+ Stlth+}
  3588 | D:4      | Noticed Eustachio
  3822 | D:4      | Killed Eustachio
  3823 | D:4      | Reached XP level 6. HP: 30/30 MP: 2/9
  4313 | D:4      | Noticed Grinder
  4320 | D:5      | Entered Level 5 of the Dungeon
  4429 | D:5      | Found Hikuell's Weapon Boutique.
  4505 | D:5      | Reached skill level 5 in Ranged Weapons
  4712 | D:5      | Noticed an ice beast
  4794 | D:5      | Reached skill level 5 in Hexes
  4794 | D:5      | Reached XP level 7. HP: 27/33 MP: 10/10
  5726 | D:5      | Found a blossoming altar of Fedhas.
  5860 | D:5      | Reached skill level 6 in Ranged Weapons
  6035 | D:6      | Noticed Menkaure
  6043 | D:6      | Killed Menkaure
  6044 | D:6      | Reached XP level 8. HP: 37/37 MP: 7/11
  6167 | D:6      | Reached skill level 7 in Ranged Weapons
  6202 | D:6      | Noticed Blork the orc
  6205 | D:6      | Killed Blork the orc
  6234 | D:6      | Found a shimmering blue altar of Sif Muna.
  6622 | D:6      | Reached skill level 8 in Ranged Weapons
  6901 | D:6      | Reached skill level 9 in Ranged Weapons
  7323 | D:6      | Noticed Pikel
  7333 | D:6      | Killed Pikel
  7334 | D:6      | Reached skill level 10 in Ranged Weapons
  7334 | D:6      | Reached XP level 9. HP: 41/41 MP: 7/12
  7338 | D:6      | Learned a level 3 spell: Portal Projectile
  7553 | D:7      | Reached skill level 1 in Translocations
  7734 | D:7      | Found Jaycso Ucita's Weapon Shop.
  7757 | D:7      | Found a runed translucent gate.
  7758 | D:7      | Found a runed translucent gate.
  7759 | D:7      | Found a runed translucent gate.
  8005 | D:7      | Found a staircase to the Ecumenical Temple.
  8019 | Temple   | Entered the Ecumenical Temple
  8076 | Temple   | Became a worshipper of Warmaster Okawaru
  8258 | D:8      | Reached skill level 11 in Ranged Weapons
  8986 | D:8      | Found an opulent altar of Gozag.
  9131 | D:8      | Reached skill level 12 in Ranged Weapons
  9221 | D:8      | Learned a level 1 spell: Slow
  9304 | D:8      | Identified a scroll of acquirement
  9304 | D:8      | Acquired the +6 arbalest "Damnation" {damnation}
  9304 | D:8      | Found the +6 arbalest "Damnation" {damnation}
  9391 | D:8      | Reached * piety under Okawaru
  9576 | D:9      | Found a sacrificial altar of Ru.
  9631 | D:9      | Noticed a troll
  9632 | D:9      | Killed a troll
  9772 | D:9      | Found a stormy altar of Qazlal.
  9842 | D:9      | Reached skill level 1 in Invocations
  9853 | D:9      | Reached XP level 10. HP: 46/46 MP: 13/13
  9922 | D:9      | HP: 1/46 [killer bee (6)]
 10392 | D:9      | Found a shadowy altar of Dithmenos.
 10550 | D:10     | Entered Level 10 of the Dungeon
 10620 | D:10     | Found an ornate altar of the Wu Jian Council.
 10693 | D:10     | Reached ** piety under Okawaru
 10701 | D:10     | Reached skill level 13 in Ranged Weapons
 11166 | D:10     | Reached *** piety under Okawaru
 11240 | D:10     | Found a staircase to the Lair.
 11272 | D:10     | Found a runed translucent door.
 11273 | D:10     | Noticed a white ugly thing
 11276 | D:10     | Killed a white ugly thing
 11381 | D:10     | Noticed a yaktaur captain
 11382 | D:10     | Noticed a centaur warrior
 11460 | D:10     | Found a portal to a secret trove of treasure.
 11634 | D:10     | Learned a level 2 spell: Blink
 11637 | D:10     | Found a radiant altar of Vehumet.
 11804 | D:10     | Noticed a death yak
 11907 | D:11     | Reached skill level 14 in Ranged Weapons
 11948 | D:11     | Found a gate leading to a gauntlet.
 11952 | Gauntlet | Entered a Gauntlet
 11952 | Gauntlet | Found a transporter.
 11952 | Gauntlet | Found a transporter.
 11953 | Gauntlet | Noticed a tengu warrior
 11957 | Gauntlet | Noticed a rust devil
 11971 | Gauntlet | Found a transporter.
 11985 | Gauntlet | Found a transporter.
 11986 | Gauntlet | Found a transporter.
 11988 | Gauntlet | Noticed a sixfirhy
 11995 | Gauntlet | Found a transporter.
 11998 | Gauntlet | Found a transporter.
 12000 | Gauntlet | Noticed a death yak
 12000 | Gauntlet | Noticed a death yak
 12000 | Gauntlet | Noticed a death yak
 12002 | Gauntlet | Noticed a death yak
 12002 | Gauntlet | Noticed a death yak
 12006 | Gauntlet | Found a transporter.
 12009 | Gauntlet | Noticed a necromancer
 12011 | Gauntlet | Noticed a death yak
 12023 | Gauntlet | Found a transporter.
 12037 | Gauntlet | Found a transporter.
 12041 | Gauntlet | Found a transporter.
 12045 | Gauntlet | Noticed a moth of wrath
 12049 | Gauntlet | Found a transporter.
 12117 | Gauntlet | Slain by a sixfirhy

Illustrated notes

Levels and vault maps discovered:
D:1:      dpeg_arrival_arbitrary_c, layout_basic, serial_rivers,
          chequers_serial_rivers_room_a, chequers_serial_rivers_large_b,
          chequers_serial_rivers_small_3, chequers_serial_rivers_micro_a,
          chequers_serial_rivers_room_b, serial_shops,
          nicolae_shop_hallway_stairs
D:2:      layout_loops_ring
D:3:      layout_loops_ring, gup_sewer_entry_spiral
D:4:      layout_loops_ring, nicolae_tso_swordbearing_angel, skrybe_limestone_x,
          ebering_dispersal_statue_hall, dk_vineyard_1, lightli_minifort,
          uniq_eustachio, uniq_crazy_yiuf_cottage, uniq_grinder
D:5:      layout_rooms, fedhas_altar_3, serial_shops,
          nicolae_shop_bloodbath_and_beyond, minmay_crystal_room,
          roderic_roman_lattice, grunt_ministairs_8, kennysheep_nondescript,
          minivault_1
D:6:      layout_basic, tgw_sif, hex_large, chequers_arboretum, uniq_pikel,
          uniq_menkaure
D:7:      layout_rooms, minmay_temple_entry_mini_moons, serial_shops, shop,
          gammafunk_ghost_necromancy, dk_noncrumbling_4,
          kennysheep_big_empty_room
D:8:      layout_cave_pools, grunt_gozag_statues
D:9:      layout_small_grid, mainiacjoe_overflow_six_doors_small,
          overflow_temple_1_default, mainiacjoe_overflow_brackets
D:10:     layout_basic, vehumet_statue, lemuel_round_altar,
          hellmonk_lair_entry_icy, nicolae_trove_entry_crossroad,
          minmay_misc_feat_encased, grunt_decor_cap, minivault_13
D:11:     layout_roguey [special_room_orc], gauntlet_entry_generic,
          minmay_circle_x
Temple:   nicolae_temple_god_jail
Gauntlet: minmay_gauntlet_77_indecision
          [minmay_gauntlet_arena_77_chump_sandwich,
          minmay_gauntlet_arena_77_checkered,
          minmay_gauntlet_arena_77_tiled_triplets,
          minmay_gauntlet_arena_77_broken_ladder,
          minmay_gauntlet_arena_77_two_paths,
          minmay_gauntlet_arena_77_two_lines, gauntlet_exit_hidden_loot]

Skill      XL: |  1  2  3  4  5  6  7  8  9 10 |
---------------+-------------------------------+-----
Fighting       | 1 2 3 |  3.7
Stealth        | 1 2 |  2.5
Dodging        | 3 |  3.6
Ranged Weapons | 3 4 5 6 10 12 14 | 14.1
Hexes          | 4 5 7 |  7.1
Fire Magic     | 1 2 |  2.4
Translocations | 2 |  2.0
Invocations    | 1 3 |  3.3
Spellcasting   | |  1.3

Action                     |  1- 3 |  4- 6 |  7- 9 | 10-12 || total
---------------------------+-------+-------+-------+-------++-------
   Fire: Sling             |   103 |   260 |   318 |       ||   681
         Shortbow          |       |       |   111 |       ||   111
         Arbalest          |       |       |    13 |    84 ||    97
   Cast: Inner Flame       |       |     2 |    60 |       ||    62
         Slow              |       |       |       |     5 ||     5
         Portal Projectile |       |       |       |     2 ||     2
         Blink             |       |       |       |     1 ||     1
 Invoke: Heroism           |       |       |       |     2 ||     2
  Evoke: Wand              |       |       |     7 |       ||     7
    Use: Scroll            |       |    13 |     9 |     4 ||    26
         Potion            |       |     1 |       |     5 ||     6
 Armour: Robe              |     2 |     8 |     7 |    11 ||    28
  Dodge: Dodged            |    10 |    47 |   135 |    71 ||   263

Table legend: (Time is in decaauts)
 A = Elapsed time spent in this place.
 B = Non-inter-level travel time spent in this place.
 C = Inter-level travel time spent in this place.
 D = Time resting spent in this place.
 E = Time spent auto-exploring this place.
 F = Levels seen in this place.
 G = Mean time per level.
                   A        B        C        D        E       F      G
               +--------+--------+--------+--------+--------+-----+--------+
         Total |   9258 |   8783 |    475 |   2506 |   3747 |  13 |  712.2 |
       Dungeon |   9096 |   8627 |    469 |   2474 |   3678 |  11 |  826.9 |
        Temple |     57 |     51 |      6 |     32 |      7 |   1 |   57.0 |
      Gauntlet |    104 |    104 |      0 |      0 |     61 |   1 |  104.0 |
               +--------+--------+--------+--------+--------+-----+--------+

Top non-repeatable levels by time:
     D:6: 1927 daAuts
     D:4: 1179 daAuts
     D:5: 1166 daAuts
    D:10: 977 daAuts
     D:9: 780 daAuts
     D:2: 695 daAuts
     D:1: 694 daAuts
     D:3: 642 daAuts
     D:8: 485 daAuts
     D:7: 469 daAuts
Gauntlet: 104 daAuts
    D:11: 79 daAuts
  Temple: 57 daAuts
